 Dungeon Crawl Stone Soup version 0.17-a0-1900-g45e8110 (webtiles) character file.

956 4thArraOfDagon the Slasher (level 7, -5/75 HPs)
             Began as a High Elf Berserker on Sept 24, 2015.
             Was a Follower of Trog.
             Slain by a hill giant
             ... wielding a cursed -1 giant spiked club
              (30 damage)
             ... on level 10 of the Dungeon.
             The game lasted 00:05:25 (1009 turns).

4thArraOfDagon the Slasher (High Elf Berserker)     Turns: 1009, Time: 00:05:25

Health: -5/75      AC:  9    Str: 21    XL:     7   Next: 91%
Magic:  8/8        EV: 14    Int: 10    God:    Trog [*.....]
Gold:   113        SH:  0    Dex: 18    Spells: 0 memorised, 6 levels left

rFire  . . .     SeeInvis .     e - +2 dagger (venom)
rCold  . . .     Clarity  .     u - +0 ring mail
rNeg   . . .     SustAt   .     (no shield)
rPois  .         Gourm    .     (no helmet)
rElec  .         Spirit   .     f - +0 cloak (curse)
rCorr  .         Warding  .     (no gloves)
rMut   .         Stasis   .     r - +0 pair of boots
MR     ++...                    (no amulet)
Stlth  ..........               (no ring)
                                o - +1 ring of protection

@: berserking, regenerating, very quick, very resistant to hostile enchantments,
extremely unstealthy
A: no striking features
a: Burn Spellbooks, Berserk, Renounce Religion


You were on level 10 of the Dungeon.
You worshipped Trog.
Trog was aware of your devotion.
You were not hungry.

You visited 1 branch of the dungeon, and saw 10 of its levels.
You also visited: Ossuary.

You collected 113 gold pieces.

Inventory:

Hand weapons
 a - a +0 falchion
 e - a +2 dagger of venom (weapon)
Armour
 b - a +0 animal skin
 f - a cursed +0 cloak (worn)
 r - a +0 pair of boots (worn)
 u - a +0 ring mail (worn)
Magical staves
 v - an uncursed staff of death {unknown}
Jewellery
 o - a +1 ring of protection (left hand)
Magical devices
 t - a wand of flame (27)
 y - a wand of fireball (0)
Scrolls
 d - 2 scrolls of recharging {unknown}
 g - 2 scrolls of enchant weapon {unknown}
 h - a scroll of immolation {unknown}
 j - a scroll of blinking {unknown}
 k - 3 scrolls of teleportation {unknown}
 l - a scroll of enchant armour {unknown}
 m - a scroll of amnesia {unknown}
 s - a scroll of fear {unknown}
 x - a scroll of remove curse {unknown}
Potions
 i - a potion of magic {unknown}
 p - a potion of cancellation {unknown}
Books
 w - a book of Cantrips

   Spells                             Type                      Level
   a - Corona                         Hexes                        1
   b - Animate Skeleton               Necromancy                   1
   c - Summon Small Mammal            Summoning                    1
   d - Apportation                    Translocation                1
   Trog disapproves of the use of such an item.
 z - a book of Summonings

   Spells                             Type                      Level
   a - Recall                         Summoning/Translocation      3
   b - Aura of Abjuration             Summoning                    5
   c - Shadow Creatures               Summoning                    5
   d - Summon Demon                   Summoning                    5
   e - Summon Forest                  Summoning/Translocation      5
   f - Summon Mana Viper              Hexes/Summoning              5
   Trog disapproves of the use of such an item.
Comestibles
 c - 3 bread rations
 q - a meat ration


   Skills:
 + Level 5.1 Fighting
 * Level 7.7 Long Blades
 + Level 3.9 Armour
 + Level 5.0 Dodging


You had 6 spell levels left.
You didn't know any spells.

Dungeon Overview and Level Annotations

Branches:
Dungeon (10/15)
 Temple: D:4-7         Lair: D:8-11         Orc: D:9-12

Altars:
Vehumet


Message History

Use which ability?
A red film seems to cover your vision as you go berserk!
You feel yourself moving faster!
You feel mighty!
You feel somewhat more hungry.
You puncture the hill giant!
The hill giant is poisoned.
The hill giant is moderately wounded.
The hill giant hits you with a giant spiked club!!
You hit the hill giant.
The hill giant looks even sicker.
The hill giant is moderately wounded.
You hit the hill giant but do no damage.
The hill giant is moderately wounded.
Your ring mail prevents you from hitting the hill giant.
The hill giant is moderately wounded.
The hill giant hits you with a giant spiked club!!
You puncture the hill giant!
The hill giant is heavily wounded.
You puncture the hill giant!
The hill giant is severely wounded.
The hill giant hits you with a giant spiked club!!
You die...

### ### #.. #.. ..#
#.## # #.# #.# #..##
.# #.#
#.#######...##.## #.#
###.##...#.........
#.###........##....#
........##.........#.#
..###<#.#######......#
........# ##@#####
.###..#.# #C#
.###.##.# .o.
......).# .....
####.#.## .......
#....# .........
#...... +.......?.+
#....####.........#
....##


You could see a hill giant and an orc.

Vanquished Creatures
  A hill giant (D:10)
  Eustachio (D:5)
  An ogre (D:7)
  2 crimson imps (D:5)
  4 hounds
  A jelly (D:5)
  A centaur zombie (D:8)
  3 gnolls (D:6)
  A shadow imp (D:6)
  4 bats
  2 giant cockroaches (D:1)
  A goblin (D:1)
  4 hobgoblins
  5 jackals
  6 kobolds
  2 giant geckos
  A giant newt (D:2)
  A jackal skeleton (D:4)
  5 rats
46 creatures vanquished.

Notes
Turn   | Place    | Note
--------------------------------------------------------------
     0 | D:1      | 4thArraOfDagon the High Elf Berserker began the quest for the Orb.
     0 | D:1      | Reached XP level 1. HP: 16/16 MP: 2/2
    94 | D:1      | Reached XP level 2. HP: 17/21 MP: 3/3
   123 | D:1      | Reached skill level 4 in Long Blades
   381 | D:4      | Acquired Trog's second power
   395 | D:4      | Reached XP level 3. HP: 26/26 MP: 4/4
   409 | D:4      | Noticed a phantom
   424 | D:5      | Entered Level 5 of the Dungeon
   463 | D:5      | Reached skill level 5 in Long Blades
   463 | D:5      | Reached XP level 4. HP: 25/32 MP: 5/5
   497 | D:5      | Reached XP level 5. HP: 22/37 MP: 6/6
   552 | D:5      | Noticed Eustachio
   563 | D:5      | Killed Eustachio
   563 | D:5      | Reached skill level 6 in Long Blades
   563 | D:5      | Reached XP level 6. HP: 33/43 MP: 7/7
   729 | D:6      | Found a radiant altar of Vehumet.
   829 | D:8      | Found a sand-covered staircase.
   866 | Ossuary  | Entered an ossuary
   892 | D:7      | Reached XP level 7. HP: 49/49 MP: 8/8
   915 | D:7      | Noticed a steam dragon
   918 | D:7      | You fall through a shaft for 2 floors!
   935 | D:10     | Entered Level 10 of the Dungeon
   935 | D:10     | Noticed a hill giant
   959 | D:10     | Killed a hill giant
   959 | D:10     | Reached skill level 5 in Fighting
   959 | D:10     | Reached skill level 7 in Long Blades
   959 | D:10     | Reached skill level 5 in Dodging
   999 | D:10     | Noticed a hill giant
  1009 | D:10     | Slain by a hill giant

Vault maps used:
D:1:      eino_arrival_druids_welcome, minmay_misc_feat_plants,
          minmay_misc_feat_alley, minmay_distorted
D:2:      uniq_terence
D:5:      lemuel_round_altar, nicolae_overflow_quartered_altars, first_bread,
          uniq_eustachio
D:6:      fiery_altar_vehumet, uniq_edmund
D:7:      kennysheep_steamy, minmay_temple_entry_statues_fountains,
          uniq_prince_ribbit1
D:8:      minmay_klotski, nicolae_tso_carved_into_rock, enter_ossuary_3
D:9:      lair_0_dummy
D:10:     orc_david_3, serial_shops, nicolae_shop_behind_doors
Ossuary:  ossuary_tomb_1

Action                   |  1- 3 |  4- 6 |  7- 9 || total
-------------------------+-------+-------+-------++-------
Melee: Falchion          |     7 |       |       ||     7
       Dagger            |    85 |    57 |    11 ||   153
Invok: Berserk           |     2 |     5 |     2 ||     9
       Trog's Hand       |       |     1 |     3 ||     4
Evoke: Wand              |       |       |     2 ||     2
 Stab: Sleeping          |     1 |       |       ||     1
  Eat: Chunk             |     1 |     5 |     3 ||     9
